 Dungeon Crawl Stone Soup version 0.15-a0-2374-gaadabb3 (webtiles) character file.

170 Ololoev the Bolt Thrower (level 5, -1/40 HPs)
             Began as a Centaur Hunter on Aug 1, 2014.
             Slain by a green rat (5 damage)
             ... summoned by Eustachio
             ... on Level 4 of the Dungeon.
             The game lasted 00:06:17 (3980 turns).

Ololoev the Bolt Thrower (Centaur Hunter)           Turns: 3980, Time: 00:06:17

HP  -1/40        AC  4     Str 14      XL: 5   Next: 25%
MP   4/4         EV  9     Int 10      God:
Gold 155         SH  0     Dex 11      Spells:  0 memorised,  4 levels left

rFire  . . .     SeeInvis .     a - +0 short sword
rCold  . . .     Clarity  .     d - +0 leather armour
rNeg   . . .     rCorr    .     (no shield)
rPois  .         rRot     .     (no helmet)
rElec  .         Spirit   .     (no cloak)
SustAb .         Warding  .     (no gloves)
rMut   .         Stasis   .     (no barding)
Gourm  .                        (no amulet)
MR     .....                    (no ring)
                                (no ring)

@: very quick, not resistant to hostile enchantments, very unstealthy
A: hooves 3, deformed body, speed 2, tough skin 3
a: no special abilities


You were on level 4 of the Dungeon.
You were hungry.

You visited 1 branch of the dungeon, and saw 4 of its levels.

You collected 155 gold pieces.

Inventory:

Hand weapons
 a - a +0 short sword (weapon)
 b - a +1 hand crossbow
Missiles
 c - 17 bolts
Armour
 d - a +0 leather armour (worn)
Comestibles
 f - 3 bread rations
 n - a meat ration
 p - a slice of pizza
 w - 2 rotting chunks of hobgoblin flesh
 x - 14 fruits
Scrolls
 e - a scroll of amnesia {unknown}
 i - a scroll of identify {unknown}
 m - 2 scrolls of enchant weapon {unknown}
 o - a scroll of remove curse {unknown}
 q - a scroll of magic mapping {unknown}
 s - a scroll of random uselessness {unknown}
 v - a scroll of blinking {unknown}
Jewellery
 k - a +4 ring of dexterity {unknown}
 r - an uncursed ring of poison resistance {unknown}
 t - a cursed -5 ring of strength {unknown}
 u - a cursed -5 ring of intelligence {unknown}
Potions
 g - a potion of cure mutation {unknown}
 h - a potion of lignification {unknown}
 j - 2 potions of restore abilities
 l - 2 potions of curing


   Skills:
 - Level 1.0 Fighting
 + Level 7.2 Crossbows
 - Level 1.3 Dodging
 - Level 0.5 Stealth


You had 4 spell levels left.
You didn't know any spells.

Dungeon Overview and Level Annotations

Branches:
Dungeon (4/15)
 Temple: D:4-7

Altars:
Sif Muna

Annotations:
D:4 Eustachio


Innate Abilities, Weirdness & Mutations

You have hooves in place of feet.
Armour fits poorly on your strangely shaped body.
You cover ground very quickly.
You have extremely tough skin (AC +3).


Message History

You are too injured to fight recklessly!
You are too injured to fight recklessly!
You are too injured to fight recklessly!
You are too injured to fight recklessly!
You are too injured to fight recklessly!
You are too injured to fight recklessly!
You are too injured to fight recklessly!
You are too injured to fight recklessly!
You are too injured to fight recklessly!
You hit the green rat but do no damage. You kick the green rat.
The green rat is moderately wounded.
The shadow imp hits you but does no damage.
The green rat bites you!
* * * LOW HITPOINT WARNING * * *
You hit the green rat but do no damage.
The green rat is moderately wounded.
The shadow imp hits you.
* * * LOW HITPOINT WARNING * * *
The green rat bites you.
You die...

. ##.r.##
##.###...##
.........##
#.....##..#
#......##@##
#...........###.#
.#.###..r......#
##ra#..#..#
#@5#..## ...
#...........# #.
##..........#
#............#
#..#.........#
..............
...>.......
####..... ##.


You could see Eustachio, a worker ant, a green rat, a shadow imp and a rat.

Vanquished Creatures
  An orc priest (D:3)
  An ogre zombie (D:3)
  5 gnolls
  An adder (D:3)
  A giant mite (D:3)
  A worm (D:3)
  A giant gecko (D:3)
  3 orcs (D:3)
  6 bats
  3 giant cockroaches
  4 hobgoblins
  4 jackals (D:1)
  3 kobolds
  3 quokkas (D:3)
  A ball python (D:3)
  6 giant newts
  6 goblins
  6 rats
56 creatures vanquished.

Notes
Turn   | Place    | Note
--------------------------------------------------------------
     0 | D:1      | Ololoev, the Centaur Hunter, began the quest for the Orb.
     0 | D:1      | Reached XP level 1. HP: 16/16 MP: 1/1
   164 | D:1      | Reached skill level 5 in Crossbows
   164 | D:1      | Reached XP level 2. HP: 5/23 MP: 2/2
  1324 | D:2      | Reached XP level 3. HP: 26/28 MP: 3/3
  1511 | D:2      | Reached skill level 6 in Crossbows
  1527 | D:2      | Reached XP level 4. HP: 13/35 MP: 3/3
  1893 | D:2      | Found a deep blue altar of Sif Muna.
  3111 | D:3      | Reached skill level 7 in Crossbows
  3111 | D:3      | Reached XP level 5. HP: 40/40 MP: 4/4
  3948 | D:4      | Noticed Eustachio
  3958 | D:4      | HP: 2/40 [rat[Eustachio] (1)]
  3980 | D:4      | Slain by a green rat

Action                   |  1- 3 |  4- 6 || total
-------------------------+-------+-------++-------
Melee: Short sword       |    88 |   105 ||   193
 Fire: Hand crossbow     |    19 |    15 ||    34
  Use: Potion            |       |     3 ||     3
  Eat: Chunk             |     1 |     6 ||     7
